 Dungeon Crawl Stone Soup version 0.28.0-49-g6dfe1f597d (webtiles) character file.

Game seed: 12824162046874709559

6670 tirquin the Carver (level 10, -7/90 HPs)
             Began as a Minotaur Monk on May 13, 2022.
             Was an Elder of Jiyva.
             Mangled by an elephant (10 damage)
             ... on level 1 of the Lair of Beasts.
             The game lasted 00:27:26 (4782 turns).

tirquin the Carver (Minotaur Monk)                  Turns: 4782, Time: 00:27:27

Health: -7/90      AC:  7    Str: 21    XL:     10   Next: 73%
Magic:  9/9        EV: 13    Int:  7    God:    Jiyva [****..]
Gold:   101        SH:  8    Dex: 14    Spells: 9/9 levels left

rFire   . . .      SeeInvis .   m - +2 falchion (holy)
rCold   . . .      Faith    .   (no shield)
rNeg    . . .      Spirit   .   t - +0 scale mail
rPois   .          Reflect  .   (helmet restricted)
rElec   .          Harm     .   (no cloak)
rCorr   +          Rampage  .   (no gloves)
Will    .....                   (boots unavailable)
Stlth   +.........              (no amulet)
HPRegen 1.53/turn               (no ring)
MPRegen 0.51/turn               (no ring)

@: hasted, very quick
A: horns 2, retaliatory headbutt, talons 3, large bone plates 3, shaggy fur 2,
strong 1, pseudopods 1
a: Renounce Religion, Oozemancy, Slimify


You were on level 1 of the Lair of Beasts.
You worshipped Jiyva.
Jiyva was greatly pleased with you.
You visited 2 branches of the dungeon, and saw 10 of its levels.
You also visited: Sewer.

You collected 161 gold pieces.
You spent 60 gold pieces at shops.

Inventory:

Hand Weapons
 a - a +0 falchion
 d - a +2 dagger of draining
 m - a +2 falchion of holy wrath (weapon)
 s - the +5 hunting sling "Giruot" {speed, rElec rPois Str-2}
   (You found it on level 8 of the Dungeon)

   Attacks with this weapon are significantly faster.
   Str:       It affects your strength (-2).
   rElec:     It insulates you from electricity.
   rPois:     It protects you from poison.
Armour
 q - a +0 pair of boots
 t - a +0 scale mail (worn)
Magical Staves
 i - a staff of cold
 p - a staff of earth
Wands
 n - a wand of paralysis (1)
Scrolls
 b - a scroll of amnesia {unknown}
 c - 8 scrolls of identify {unknown}
 f - 2 scrolls of teleportation {unknown}
 g - a scroll of brand weapon {unknown}
 k - 2 scrolls of fear {unknown}
 l - 3 scrolls of enchant armour {unknown}
 r - 3 scrolls of torment {unknown}
Potions
 h - 3 potions of heal wounds {unknown}
 j - 3 potions of flight {unknown}
 u - a potion of cancellation {unknown}


   Skills:
 + Level 8.4 Fighting
 + Level 11.2 Long Blades
 + Level 1.4 Throwing
 + Level 8.9 Armour
 + Level 8.0 Dodging
 + Level 4.0 Stealth
 + Level 6.5 Shields
 + Level 0.8 Evocations


You had 9 spell levels left.
You didn't know any spells.
Your spell library contained the following spells:

 Spells                   Type           Power      Damage    Failure   Level
 Ensorcelled Hibernation  Hex/Ice        0%         N/A       86%         2
 Passwall                 Tmut/Erth      0%         N/A       86%         2
 Swiftness                Air            0%         N/A       97%         3


Dungeon Overview and Level Annotations

Branches:
Dungeon (9/15)               Lair (1/6) D:9           Sewer (visited)
 Temple: D:4-7          Orc: D:9-12

Altars:
Gozag
Sif Muna
Jiyva

Shops:
D:6 *


Innate Abilities, Weirdness & Mutations

You have a pair of horns on your head.
You reflexively headbutt those who attack you in melee.
You have claws for feet.
You are completely covered in large bone plates. (SH +8)
You are covered in thick fur. (AC +2)
Your muscles are strong. (Str +2)
Armour fits poorly on your pseudopods.


Message History

You hear a distant slurping noise.
The elephant tramples you!
* * * LOW HITPOINT WARNING * * *
You hold your ground!
The elephant trunk-slaps you but does no damage.
The elephant tramples you!
* * * LOW HITPOINT WARNING * * *
You hold your ground!
The elephant closely misses you.
You hit the elephant. You claw the elephant! Your headbutt misses the elephant.
You bludgeon the elephant, but do no damage.
The elephant is heavily wounded.
The elephant tramples you.
* * * LOW HITPOINT WARNING * * *
You hold your ground!
You block the elephant's attack.
Unknown command.
What are your orders? t - Shout!
Orders for allies: a - Attack new target. r - Retreat! s - Stop attacking. g - Guard the area. f - Follow me.
Anything else - Cancel.
Okay, then.
It was a potion of haste.
You feel yourself speed up. You block the elephant's attack.
The elephant misses you. The elephant completely misses you.
The elephant trunk-slaps you but does no damage.
You hit the elephant. You headbutt the elephant!
The elephant is severely wounded.
You block the elephant's attack. x2
You hit the elephant but do no damage. You headbutt the elephant!
The elephant is severely wounded.
The elephant tramples you!
* * * LOW HITPOINT WARNING * * *
You hold your ground!
The elephant trunk-slaps you but does no damage.
You hit the elephant. You claw the elephant. Your headbutt misses the elephant.
You bludgeon the elephant, but do no damage.
The elephant is almost dead.
The elephant tramples you!
You die...

##.###.#####.# #.>#
#####...##..###P.###..##### ###
......†......##P........#.###.##
#####.......###..###...........#
##.##...####.# ##...P#.###.#
#..##...# #.# #....##.##.#
##..#...####.# #.......##.#
#..##...#..#Y# ##....#.##.#
#........YY@# ##.###..#.#
##.##..##Y### #........# ##
#..#### #........# ##..##
##..._....# #....#
######........##
#.YY.####.............#
####.#..##Y.Y..Y.........#
#....#.....###...#..###..#
##.##.#.....##.###.## #..#


You could see 4 elephants.

Vanquished Creatures
  A black mamba (Lair:1)
  2 elephants (Lair:1)
  3 cane toads (Lair:1)
  5 blink frogs (Lair:1)
  10 yaks
  2 wyverns
  3 water moccasins
  An orc warrior (D:7)
  An ice beast (D:6)
  3 black bears (D:9)
  An ogre (D:6)
  2 wolves (D:9)
  2 centaurs
  2 kobold brigands
  2 bullfrogs (Lair:1)
  2 scorpions
  6 killer bees (D:8)
  A howler monkey (D:6)
  3 bullfrog zombies
  2 centaur zombies (D:7)
  A hound (D:6)
  A bullfrog skeleton (D:4)
  An iguana (D:9)
  2 orc wizards
  A river rat (Sewer)
  7 adders
  2 shadow imps
  A white imp (D:6)
  3 worms
  A dart slug (D:1)
  19 orcs
  A bat (D:1)
  An endoplasm (D:2)
  2 giant cockroaches
  5 goblins
  2 hobgoblins
  2 jackals (D:4)
  A frilled lizard (D:2)
  11 kobolds
  2 rats (Sewer)
120 creatures vanquished.

Vanquished Creatures (others)
  2 yaks (Lair:1)
  A water moccasin (Lair:1)
  A black bear (D:7)
  A sky beast (D:7)
  A necrophage (D:7)
  2 centaurs
  2 kobold brigands (Sewer)
  2 bullfrogs
  A water moccasin skeleton (D:7)
  17 jellies
  2 centaur zombies
  A hound (D:5)
  A gnoll shaman (D:8)
  An orc wizard (D:6)
  A killer bee zombie (D:7)
  4 gnolls (D:8)
  3 adders
  A white imp (D:7)
  A worm (Sewer)
  7 orcs
  5 endoplasms
  2 goblins (D:3)
  2 jackals (D:3)
  3 ball pythons
  3 kobolds (Sewer)
  A rat (Sewer)
  14 fungi (Lair:1)
  14 plants
  8 withered plants (D:7)
104 creatures vanquished.

Grand Total: 224 creatures vanquished

Notes
Turn   | Place    | Note
-------+----------+-------------------------------------------
     0 | D:1      | tirquin the Minotaur Monk began the quest for the Orb.
     0 | D:1      | Reached XP level 1. HP: 19/19 MP: 0/0
    68 | D:2      | Reached XP level 2. HP: 19/27 MP: 1/1
   333 | D:2      | Reached skill level 4 in Long Blades
   620 | D:2      | Found a faded altar of an unknown god.
   628 | D:2      | Prayed at the altar of an unknown god.
   628 | D:2      | Became a worshipper of Jiyva Jisa the Shapeless
   628 | D:2      | Reached * piety under Jiyva
   628 | D:2      | Reached ** piety under Jiyva
   743 | D:3      | Reached *** piety under Jiyva
   795 | D:3      | Gained mutation: Your muscles are strong. (Str +2) [Jiyva's
                  | grace]
   795 | D:3      | Gained mutation: Your muscles are very strong. (Str +4)
                  | [Jiyva's grace]
   795 | D:3      | Gained mutation: You are covered in fur. (AC +1) [Jiyva's
                  | grace]
   795 | D:3      | Gained mutation: You are covered in thick fur. (AC +2)
                  | [Jiyva's grace]
   804 | D:3      | Reached XP level 3. HP: 33/33 MP: 2/2
  1219 | D:4      | Reached **** piety under Jiyva
  1241 | D:4      | Reached XP level 4. HP: 36/41 MP: 3/3
  1322 | D:4      | Reached skill level 5 in Long Blades
  1330 | D:4      | Identified the -4 buckler "Kacimiza" {rF+}
  1483 | D:5      | Entered Level 5 of the Dungeon
  1809 | D:5      | Found a glowing drain.
  1823 | Sewer    | Entered a sewer
  1823 | Sewer    | Lost mutation: You are covered in thick fur. (AC +2)
                  | [Jiyva's grace]
  1823 | Sewer    | Gained mutation: You are partially covered in large bone
                  | plates. (SH +4) [Jiyva's grace]
  1823 | Sewer    | Gained mutation: You are mostly covered in large bone
                  | plates. (SH +6) [Jiyva's grace]
  1823 | Sewer    | Gained mutation: You are completely covered in large bone
                  | plates. (SH +8) [Jiyva's grace]
  1823 | Sewer    | Gained mutation: Armour fits poorly on your pseudopods.
                  | [Jiyva's grace]
  1825 | Sewer    | Noticed a kobold brigand
  1845 | Sewer    | Killed a kobold brigand
  1846 | Sewer    | Reached XP level 5. HP: 46/47 MP: 4/4
  2136 | D:5      | Reached ***** piety under Jiyva
  2140 | D:6      | Noticed an ice beast
  2153 | D:6      | Killed an ice beast
  2154 | D:6      | Reached skill level 5 in Fighting
  2154 | D:6      | Reached XP level 6. HP: 45/56 MP: 3/5
  2230 | D:6      | Noticed a slime creature
  2230 | D:6      | an orc changed into a slime creature
  2232 | D:6      | Reached skill level 6 in Long Blades
  2247 | D:6      | Reached skill level 5 in Dodging
  2247 | D:6      | Reached skill level 1 in Shields
  2320 | D:6      | Reached XP level 7. HP: 49/61 MP: 6/6
  2365 | D:6      | Found Qilian's Gadget Gallery.
  2370 | D:6      | Bought a wand of paralysis (4) for 60 gold pieces
  2701 | D:7      | Reached skill level 7 in Long Blades
  3055 | D:7      | Found a shimmering blue altar of Sif Muna.
  3244 | D:7      | Reached XP level 8. HP: 57/70 MP: 7/7
  3386 | D:8      | Identified the +5 hunting sling "Giruot" {speed, rElec
                  | rPois Str-2}
  3595 | D:8      | Reached skill level 8 in Long Blades
  3599 | D:8      | HP: 3/71 [poisoned by a killer bee]
  3794 | D:8      | Noticed a two-headed ogre
  3916 | D:8      | Slimified a two-headed ogre
  3916 | D:8      | Noticed a slime creature
  3916 | D:8      | a two-headed ogre changed into a slime creature
  3966 | D:9      | Lost mutation: Your muscles are very strong. (Str +4)
                  | [Jiyva's grace]
  3966 | D:9      | Gained mutation: You have sharp toenails. [Jiyva's grace]
  3966 | D:9      | Gained mutation: You have razor-sharp toenails. [Jiyva's
                  | grace]
  3966 | D:9      | Gained mutation: You have claws for feet. [Jiyva's grace]
  3966 | D:9      | Gained mutation: You are covered in thick fur. (AC +2)
                  | [Jiyva's grace]
  3989 | D:9      | Reached skill level 5 in Armour
  3989 | D:9      | Reached XP level 9. HP: 73/78 MP: 8/8
  3998 | D:9      | Reached skill level 9 in Long Blades
  4072 | D:9      | Reached skill level 5 in Shields
  4087 | D:9      | Found a staircase to the Lair.
  4100 | Lair:1   | Entered Level 1 of the Lair of Beasts
  4186 | Lair:1   | Noticed a black mamba
  4197 | Lair:1   | Killed a black mamba
  4214 | Lair:1   | Reached skill level 10 in Long Blades
  4216 | Lair:1   | Reached XP level 10. HP: 24/86 MP: 9/9
  4286 | Lair:1   | Noticed a cane toad
  4292 | Lair:1   | Killed a cane toad
  4325 | Lair:1   | Noticed a cane toad
  4334 | Lair:1   | Killed a cane toad
  4443 | Lair:1   | Noticed a cane toad
  4449 | Lair:1   | Killed a cane toad
  4600 | Lair:1   | Found an opulent altar of Gozag.
  4644 | Lair:1   | Reached skill level 1 in Throwing
  4664 | Lair:1   | Reached skill level 11 in Long Blades
  4711 | Lair:1   | Noticed an elephant
  4711 | Lair:1   | Noticed an elephant
  4711 | Lair:1   | Noticed an elephant
  4712 | Lair:1   | Noticed an elephant
  4712 | Lair:1   | Noticed an elephant
  4723 | Lair:1   | Noticed an elephant
  4763 | Lair:1   | Killed an elephant
  4773 | Lair:1   | Killed an elephant
  4781 | Lair:1   | HP: 2/90 [elephant (8)]
  4782 | Lair:1   | Mangled by an elephant

Illustrated notes

Levels and vault maps discovered:
D:1:      dpeg_arrival_another_circle, layout_basic
D:2:      layout_rooms, shapermc_ecumenical_altar_pompeii
D:3:      layout_basic
D:4:      layout_rooms
D:5:      layout_gridville, minmay_temple_entry_arrows, portal_sewer_entry_d,
          uniq_crazy_yiuf_cottage
D:6:      layout_basic, nicolae_shop_gadgets
D:7:      layout_loops_ring, kennysheep_little_box, serial_undead,
          serial_undead_f, serial_undead_c, serial_undead_e, serial_undead_a,
          serial_park_tiny_2
D:8:      layout_loops_corners
D:9:      layout_gridville, minmay_lair_entry_grove, minmay_circle_x
Lair:1:   layout_loops_ring, nicolae_volcano_entry_hallway, basic_altar,
          nicolae_quartered_pool_little, small_statue_intersection

Skill      XL: |  1  2  3  4  5  6  7  8  9 10 |
---------------+-------------------------------+-----
Fighting       | 4 5 6 7 8 |  8.4
Long Blades    | 4 5 6 7 8 10 11 | 11.2
Dodging        | 4 5 6 7 8 |  8.0
Stealth        | 2 3 4 |  4.0
Shields        | 1 2 3 5 6 |  6.5
Armour         | 5 7 8 |  8.9
Throwing       | 1 |  1.4
Evocations     | |  0.8

Action                   |  1- 3 |  4- 6 |  7- 9 | 10-12 || total
-------------------------+-------+-------+-------+-------++-------
Melee: Falchion          |    55 |   100 |   155 |    77 ||   387
       Headbutt          |     7 |    13 |    30 |    25 ||    75
       Pseudopods        |       |     6 |    25 |    18 ||    49
       Punch             |       |       |     2 |     1 ||     3
       Kick              |       |       |    27 |    32 ||    59
Throw: Javelin           |       |       |     4 |     2 ||     6
Invok: Oozemancy         |       |     1 |     4 |       ||     5
       Slimify           |       |     1 |     1 |       ||     2
Evoke: Wand              |       |       |     3 |       ||     3
  Use: Potion            |       |       |     1 |     1 ||     2
 Stab: Sleeping          |       |     1 |       |       ||     1
       Paralysed         |       |       |     3 |       ||     3
Armor: Robe              |    10 |    11 |     4 |       ||    25
       Plate armour      |       |       |     8 |       ||     8
       Scale mail        |       |       |    20 |    15 ||    35
Dodge: Dodged            |    41 |    51 |    95 |    38 ||   225
Block: Other             |       |    21 |    76 |    22 ||   119
